 Dungeon Crawl Stone Soup version 0.31-a0-246-g8cbcc1cb85 (webtiles) character file.

Game seed: 9121847579648073859

61788 promet the Fighter (level 15, -14/126 HPs)
             Began as a Vine Stalker Fighter on July 12, 2023.
             Was a High Priest of Wu Jian.
             Demolished by a tentacled starspawn (24 damage)
             ... on level 2 of the Abyss.
             The game lasted 03:32:11 (36594 turns).

promet the Fighter (Vine Stalker Fighter)          Turns: 36594, Time: 03:32:12

Health: -14/126    AC: 14    Str: 18      XL:     15   Next: 4%
Magic:  0/16       EV: 13    Int:  8 (10) God:    Wu Jian [*****.]
Gold:   1302       SH:  0    Dex: 25 (26) Spells: 12/14 levels left

rFire   . . .        a - +4 glaive (heavy)
rCold   . . .        (shield currently unavailable)
rNeg    . . .        Q - +3 troll leather armour
rPois   .            j - +1 hat {Stlth+}
rElec   .            l - +1 cloak
rCorr   .            T - +0 pair of gloves
SInv    .            k - +0 pair of boots
Will    ++...        p - amulet of regeneration Stlth
                     V - +6 ring of dexterity
HPRegen 2.81/turn    o - ring of willpower
MPRegen 0.15/turn

%: random rage (3%), guardian spirit
@: berserking, constricted, very quick
A: fangs 3, regeneration 1, magic shield, antimagic bite, no potion heal 2,
berserk 1, deterioration 1
a: Renounce Religion, Wall Jump, Serpent's Lash, Heavenly Storm


You were on level 2 of the Abyss.
You worshipped Wu Jian.
Wu Jian was extremely pleased with you.
You visited 3 branches of the dungeon, and saw 18 of its levels.
You visited the Abyss 1 time.

You collected 1519 gold pieces.
You spent 217 gold pieces at shops.

Inventory:

Hand Weapons
 a - a +4 heavy glaive (weapon)
 b - a +6 orcbow of freezing
 c - a +3 rapier
 d - the +4 flail of Blood {heavy, Will+}
   (You found it on level 5 of the Lair of Beasts)

   Will:      It increases your willpower.
 e - a +0 battleaxe of flaming
 r - a +2 halberd of venom
 C - a +3 dire flail of protection
 F - a +2 war axe of electrocution
 P - a +4 trident of holy wrath
 R - a +0 sling
Missiles
 i - 194 stones
 L - 6 javelins
 O - 22 poisoned darts
 W - 3 curare-tipped darts (quivered)
Armour
 j - a +1 hat of stealth (worn)
 k - a +0 pair of boots (worn)
 l - a +1 cloak (worn)
 m - +0 swamp dragon scales
 Q - a +3 troll leather armour (worn)
 T - a +0 pair of gloves (worn)
 X - a +1 buckler
Jewellery
 f - an amulet of faith
 g - a ring of protection from cold
 o - a ring of willpower (right hand)
 p - an amulet of regeneration (around neck)
 q - a +6 ring of intelligence
 t - a +5 ring of evasion
 u - an amulet of reflection
 v - an amulet of the acrobat
 J - a ring of resist corrosion
 M - a ring of protection from cold
 V - a +6 ring of dexterity (left hand)
Wands
 h - a wand of flame (12)
 x - a wand of polymorph (7)
 G - a wand of roots (4)
 K - a wand of digging (6)
Scrolls
 s - a scroll of fear
 y - a scroll of poison
 I - 5 scrolls of teleportation
 U - 2 scrolls of revelation
Potions
 n - 3 potions of mutation
 w - 2 potions of ambrosia
 z - 4 potions of enlightenment
 A - 5 potions of curing
 B - 2 potions of attraction
 D - a potion of cancellation
 E - a potion of resistance
 H - 3 potions of lignification
 N - a potion of berserk rage
Miscellaneous
 Y - a lightning rod (4/4)


   Skills:
 + Level 12.3 Fighting
 + Level 0.1(1.8) Short Blades
 + Level 3.0 Long Blades
 + Level 2.3(8.9) Axes
 * Level 5.3(5.6) Maces & Flails
 + Level 12.1(12.2) Polearms
 + Level 11.2 Ranged Weapons
 + Level 0.1 Throwing
 + Level 7.7 Armour
 + Level 5.2 Dodging
 + Level 4.3 Stealth
 * Level 3.9 Shields
 + Level 1.5 Translocations
 + Level 3.5 Evocations


You had 12 spell levels left.
You knew the following spells:

 Your Spells              Type           Power      Damage    Failure   Level
a - Blink                 Tloc           4%         N/A       38%         2

Your spell library contained the following spells:

 Spells                   Type           Power      Damage    Failure   Level
 Apportation              Tloc           4%         N/A       26%         1
 Lesser Beckoning         Tloc           4%         N/A       38%         2
 Necrotise                Necr           0%         1d4       45%         1
 Slow                     Hex            0%         N/A       45%         1
 Summon Small Mammal      Summ           0%         N/A       45%         1
 Momentum Strike          Conj/Tloc      2%         3d8       50%         2
 Volatile Blastmotes      Fire/Tloc      2%         2d10      73%         3
 Confusing Touch          Hex            0%         N/A       83%         3
 Inner Flame              Hex/Fire       0%         N/A       83%         3
 Ozocubu's Armour         Ice            0%         N/A       83%         3
 Vampiric Draining        Necr           0%         2d6       83%         3
 Iskenderun's Mystic Bla  Conj/Tloc      1%         2d3       98%         4
 Animate Dead             Necr           0%         N/A       99%         4
 Flame Wave               Conj/Fire      0%         2d4       99%         4
 Fulminant Prism          Conj/Hex       0%         3d5       99%         4
 Sticky Flame             Conj/Fire      0%         2d3       99%         4
 Lee's Rapid Deconstruct  Erth           0%         3d4*      100%        5
 Haunt                    Necr/Summ      0%         N/A       100%        7
 Ozocubu's Refrigeration  Ice            0%         4d7       100%        7
 Infestation              Necr           0%         N/A       100%        8
 Maxwell's Capacitive Co  Air            0%         ∞         100%        8


Dungeon Overview and Level Annotations

Branches:
Dungeon (11/15)            Temple (0/1) D:7            Lair (5/5) D:8
 Shoals (0/4) Lair:3       Spider (0/4) Lair:2        Slime (0/5) Lair:4
    Orc (2/2) D:9             Elf (0/3) Orc:2

Altars:
Gozag
Kikubaaqudgha
Makhleb
Nemelex Xobeh
Okawaru
Ru
Sif Muna
Vehumet
Wu Jian
Xom
Yredelemnul

Shops:
D:11 *   Orc:2 (:[*

Portals:
Trove: D:10 (give +6 demon whip)

Annotations:
D:11 Psyche
Lair:4 exclusion: oklob plant


Innate Abilities, Weirdness & Mutations

You have razor-sharp teeth.
Your natural rate of healing is unusually fast.
When hurt, damage is shared between your health and your magic reserves.
Your bite disrupts and absorbs the magic of your enemies.
Potions cannot restore your health.
You sometimes lose your temper in combat.
Your body sometimes deteriorates upon taking damage.


Message History

The tentacled starspawn tentacle-slaps you!
The starspawn tentacle grabs you. The starspawn tentacle constricts you.
The tentacled starspawn bites you!!
The tentacled starspawn tentacle-slaps you but does no damage.
You slash the tentacled starspawn!
The starspawn tentacle loses its grip on you.
You bite the tentacled starspawn! You drain its power.
You feel invigorated.
The tentacled starspawn is moderately damaged.
The starspawn tentacle grabs you. The starspawn tentacle constricts you.
The tentacled starspawn bites you!
The tentacled starspawn tentacle-slaps you!
The starspawn tentacle constricts you. The tentacled starspawn bites you!!
* * * LOW HITPOINT WARNING * * *
The tentacled starspawn tentacle-slaps you but does no damage.
A red film seems to cover your vision as you go berserk!
You feel yourself moving faster!
You feel mighty!
The ynoxinul bellows!
You slice the tentacled starspawn!!
The starspawn tentacle loses its grip on you.
You bite the tentacled starspawn. You drain its power.
You feel invigorated.
The tentacled starspawn is severely damaged.
The starspawn tentacle grabs you. The starspawn tentacle constricts you.
* * * LOW HITPOINT WARNING * * *
The tentacled starspawn bites you.
* * * LOW HITPOINT WARNING * * *
The tentacled starspawn closely misses you.
You slice the starspawn tentacle!!
You bite the starspawn tentacle, but do no damage.
The starspawn tentacle is almost destroyed.
The starspawn tentacle constricts you. The tentacled starspawn bites you!
* * * LOW HITPOINT WARNING * * *
The tentacled starspawn tentacle-slaps you but does no damage.
Unknown command.
You hit the tentacled starspawn.
The starspawn tentacle loses its grip on you.
The tentacled starspawn is almost destroyed.
The starspawn tentacle grabs you. The starspawn tentacle constricts you.
* * * LOW HITPOINT WARNING * * *
The tentacled starspawn bites you!!
You die...

.#...# . .
##.#.. .# ..
.#....#..##.
...##.....#....
#............#
#.....#..#...
#.....Xw.#.#
#....w@...#
...#......#....
..#.3...#.# .
....#.....#
..........#
#...#.....#
....#.....# #.
#.....# #.. ..#


You could see a tentacled starspawn, a ynoxinul and 2 starspawn tentacles.

Vanquished Creatures
  Rupert (Lair:3)
  Gastronok (D:11)
  An orc warlord (Orc:2)
  Harold (D:9)
  2 hydras (Lair:2)
  A two-headed ogre (D:10)
  3 catoblepae (Lair:5)
  A boulder beetle (Lair:1)
  6 death yaks
  3 orc high priests (Orc:2)
  Urug (D:10)
  Nergalle (Lair:3)
  A soul eater (D:11)
  4 orc knights
  Pikel (D:8)
  4 orc sorcerers (Orc:2)
  A wolf spider (Lair:2)
  An ugly thing (Abyss:1)
  3 cyclopes (D:10)
  14 elephants
  2 manticores (Lair:5)
  3 large abominations (Abyss:1)
  A black mamba (Lair:1)
  An apocalypse crab (Abyss:1)
  A guardian serpent (Abyss:1)
  2 centaur zombies (D:10)
  Joseph (D:7)
  Maggie (D:6)
  2 kobold demonologists (D:10)
  A torpor snail (Lair:5)
  A rust devil (D:11)
  17 cane toads
  An unseen horror (D:10)
  2 rime drakes
  2 smoke demons
  An ancient zyme (Abyss:1)
  9 komodo dragons
  6 trolls
  Prince Ribbit (D:5)
  10 blink frogs
  2 polar bears (Lair:3)
  A hornet (D:10)
  2 ynoxinuls (D:11)
  2 wraiths
  4 wyverns
  7 basilisks
  27 yaks
  Grum (D:9)
  2 neqoxecs
  2 chaos spawn (Abyss:1)
  A steam dragon (D:9)
  11 wargs
  Edmund (D:4)
  An acid dragon (D:11)
  A hell hound (D:10)
  Duvessa (D:6)
  15 water moccasins
  2 ice beasts
  3 sky beasts (D:7)
  3 black bears
  28 orc warriors
  An ogre (Orc:2)
  9 wolves
  A centaur (D:9)
  3 phantoms
  A lemure (D:8)
  9 kobold brigands
  13 bullfrogs
  9 gnoll sergeants
  3 scorpions (D:5)
  Dowan (D:6)
  5 killer bees (D:9)
  6 howler monkeys
  5 electric eels
  A quasit (D:10)
  8 hounds
  A jelly (D:5)
  23 orc priests
  3 sleepcaps
  27 orc wizards
  15 iguanas
  20 gnolls
  8 adders
  A white imp (D:5)
  An ufetubus (Abyss:1)
  2 worms
  3 dart slugs
  58 orcs
  10 bats
  5 endoplasms
  2 giant cockroaches
  10 goblins
  3 hobgoblins
  4 jackals (D:4)
  10 kobolds
  4 quokkas
  4 ball pythons
  2 frilled lizards
  7 rats
  A lurking horror (Abyss:1)
532 creatures vanquished.

Vanquished Creatures (others)
  A howler monkey (D:7)
1 creature vanquished.

Grand Total: 533 creatures vanquished

Notes
Turn   | Place    | Note
-------+----------+-------------------------------------------
     0 | D:1      | promet the Vine Stalker Fighter began the quest for the
                  | Orb.
     0 | D:1      | Reached XP level 1. HP: 11/11 MP: 2/2
   614 | D:1      | Reached XP level 2. HP: 13/16 MP: 1/3
  2142 | D:2      | Reached XP level 3. HP: 19/20 MP: 4/4
  2365 | D:2      | Gained mutation: Your natural rate of healing is unusually
                  | fast. [Vine Stalker growth]
  2365 | D:2      | Reached XP level 4. HP: 24/24 MP: 5/5
  3376 | D:3      | Reached XP level 5. HP: 28/28 MP: 6/6
  4177 | D:3      | Found a shimmering altar of Xom.
  4179 | D:3      | Found a sparkling altar of Nemelex Xobeh.
  4179 | D:3      | Found an opulent altar of Gozag.
  4181 | D:3      | Found a white marble altar of Elyvilon.
  4181 | D:3      | Found a stormy altar of Qazlal.
  4181 | D:3      | Found a shimmering altar of Xom.
  4455 | D:4      | Reached skill level 1 in Polearms
  4510 | D:4      | Reached skill level 1 in Ranged Weapons
  4510 | D:4      | Reached XP level 6. HP: 33/33 MP: 7/7
  5229 | D:4      | Noticed Edmund
  5238 | D:4      | Killed Edmund
  5239 | D:4      | Reached skill level 1 in Dodging
  5239 | D:4      | Reached XP level 7. HP: 37/37 MP: 8/8
  5614 | D:5      | Entered Level 5 of the Dungeon
  5823 | D:5      | Found an ornate altar of the Wu Jian Council.
  5854 | D:5      | Became a worshipper of the Wu Jian Council
  6129 | D:5      | Gained mutation: You have razor-sharp teeth. [Vine Stalker
                  | growth]
  6129 | D:5      | Reached XP level 8. HP: 31/42 MP: 9/9
  6350 | D:5      | Reached skill level 1 in Stealth
  6360 | D:5      | Reached skill level 5 in Fighting
  6570 | D:5      | Found a radiant altar of Vehumet.
  6610 | D:5      | Reached skill level 5 in Polearms
  6956 | D:6      | Noticed Prince Ribbit
  6958 | D:6      | Noticed Maggie
  6975 | D:5      | Killed Prince Ribbit
  7112 | D:6      | Killed Maggie
  7113 | D:6      | Reached XP level 9. HP: 11/48 MP: 10/10
  7417 | D:6      | Found an opulent altar of Gozag.
  7447 | D:6      | Reached * piety under Wu Jian
  7561 | D:6      | Found a sparkling altar of Nemelex Xobeh.
  7561 | D:6      | Noticed Duvessa
  7571 | D:6      | Killed Duvessa
  7605 | D:6      | Noticed Dowan
  7612 | D:6      | Killed Dowan
  7723 | D:6      | Found an ancient bone altar of Kikubaaqudgha.
  7802 | D:6      | Reached skill level 5 in Armour
  8038 | D:7      | Found a shimmering blue altar of Sif Muna.
  8318 | D:7      | Found an iron altar of Okawaru.
  8340 | D:7      | Noticed Joseph
  8355 | D:7      | Killed Joseph
  8712 | D:7      | Found a staircase to the Ecumenical Temple.
  8805 | D:7      | Reached ** piety under Wu Jian
  8806 | D:7      | Reached XP level 10. HP: 53/53 MP: 11/11
  9865 | D:8      | Found a staircase to the Lair.
 11195 | D:8      | Noticed Pikel
 11214 | D:8      | Killed Pikel
 11858 | D:9      | Noticed Grum
 11874 | D:9      | Reached *** piety under Wu Jian
 11889 | D:9      | Killed Grum
 11917 | D:9      | Reached XP level 11. HP: 60/60 MP: 12/12
 11954 | D:9      | Reached skill level 5 in Ranged Weapons
 12458 | D:9      | Found a burning altar of Makhleb.
 12507 | D:9      | Noticed Harold
 12518 | D:9      | Killed Harold
 12642 | D:9      | Found a staircase to the Orcish Mines.
 13671 | Lair:1   | Entered Level 1 of the Lair of Beasts
 14569 | Lair:1   | Noticed a boulder beetle
 14580 | Lair:1   | Killed a boulder beetle
 15942 | Lair:2   | Reached XP level 12. HP: 45/67 MP: 13/13
 15943 | Lair:2   | Noticed a five-headed hydra
 16093 | Lair:2   | Killed a one-headed hydra
 16094 | Lair:2   | Reached skill level 10 in Polearms
 16279 | Lair:2   | Reached skill level 1 in Axes
 16573 | Lair:2   | Reached skill level 1 in Evocations
 16600 | Lair:2   | Reached skill level 10 in Fighting
 16894 | Lair:2   | Found a hole to the Spider Nest.
 16973 | Lair:2   | Noticed a four-headed hydra
 16995 | Lair:2   | Killed a one-headed hydra
 17350 | Lair:2   | Learned a level 2 spell: Blink
 18274 | Lair:3   | Found a staircase to the Shoals.
 18348 | Lair:3   | Noticed Rupert
 18411 | Lair:3   | Reached **** piety under Wu Jian
 18529 | Lair:3   | Noticed Nergalle
 19010 | Lair:3   | Killed Nergalle
 19279 | Lair:3   | Reached XP level 13. HP: 65/72 MP: 14/14
 19665 | Lair:3   | Killed Rupert
 21208 | Lair:4   | Found a staircase to the Slime Pits.
 21724 | Lair:4   | Identified the +1 ring mail of Cheibriados {rF+}
 22723 | Lair:5   | Entered Level 5 of the Lair of Beasts
 23277 | Lair:5   | Identified the +4 flail of Blood {heavy, Will+}
 23396 | Lair:5   | Reached skill level 1 in Translocations
 24229 | Lair:5   | HP: 1/74 [death yak (16)]
 24508 | Lair:5   | Reached skill level 1 in Maces & Flails
 25724 | Lair:5   | Reached XP level 14. HP: 48/79 MP: 10/15
 27000 | D:10     | Entered Level 10 of the Dungeon
 27322 | D:10     | Upgraded the game from 0.31-a0-237-g2d982f9f85 to
                  | 0.31-a0-246-g8cbcc1cb85
 28318 | D:10     | Found a sacrificial altar of Ru.
 28650 | D:10     | Found a portal to a secret trove of treasure.
 28899 | D:10     | Noticed Urug
 28935 | D:10     | Reached skill level 5 in Dodging
 29022 | D:10     | Killed Urug
 29245 | D:10     | Found a basalt altar of Yredelemnul.
 30210 | D:10     | Reached skill level 10 in Ranged Weapons
 30309 | D:10     | Reached ***** piety under Wu Jian
 30990 | Orc:1    | Entered Level 1 of the Orcish Mines
 31124 | Orc:2    | Entered Level 2 of the Orcish Mines
 31399 | Orc:2    | Found a staircase to the Elven Halls.
 32419 | Orc:2    | Paralysed by an orc sorcerer for 4 turns
 32520 | Orc:2    | Paralysed by an orc sorcerer for 4 turns
 33119 | Orc:2    | Noticed an orc warlord
 33544 | Orc:2    | Killed an orc warlord
 33879 | Orc:2    | Gained mutation: You sometimes lose your temper in combat.
                  | [a neqoxec]
 33882 | Orc:2    | Gained mutation: Your body sometimes deteriorates upon
                  | taking damage. [a neqoxec]
 34546 | Orc:2    | Found Segawamp's Antique Armour Shop.
 34547 | Orc:2    | Found Qauwiasm's Antique Weapon Boutique.
 34550 | Orc:2    | Found Foetih's General Store.
 34550 | Orc:2    | Found Duag's Book Shop.
 34578 | Orc:2    | Bought a scroll of enchant armour for 105 gold pieces
 35041 | D:11     | Noticed Gastronok
 35446 | D:11     | Killed Gastronok
 35447 | D:11     | Reached skill level 5 in Maces & Flails
 35809 | D:11     | Found Xeisauri's General Store.
 35820 | D:11     | Bought a scroll of enchant armour for 112 gold pieces
 35985 | D:11     | Noticed Psyche
 35999 | Abyss:1  | Cast into level 1 of the Abyss (Psyche)
 36033 | Abyss:1  | Found a corrupted altar of Lugonu.
 36178 | Abyss:1  | Reached XP level 15. HP: 57/84 MP: 6/16
 36460 | Abyss:1  | Noticed an Executioner
 36481 | Abyss:1  | Noticed a purple draconian shifter
 36587 | Abyss:2  | Noticed a tentacled starspawn
 36594 | Abyss:2  | Demolished by a tentacled starspawn

Illustrated notes

Levels and vault maps discovered:
D:1:      dpeg_arrival_circle_labyrinth_a, layout_basic
D:2:      layout_basic, minmay_increasing_density
D:3:      layout_loops_corners, doesnt_xom_only_xom, kennysheep_generic_room_15
D:4:      layout_loops_ring, uniq_edmund
D:5:      layout_loops_ring, nzn_wu_jian_contemplation,
          mainiacjoe_overflow_surrounded_room
D:6:      layout_cave_pools, nemelex_diamond_rough_becter,
          mainiacjoe_overflow_alcove_1, general_overflow_altar,
          uniq_prince_ribbit1, uniq_maggie, uniq_duvessa
D:7:      layout_basic, okawaru_trees_2, mainiacjoe_overflow_paths,
          temple_statues, uniq_joseph
D:8:      layout_loops_ring, minmay_lair_entry_grove, serial_co_window_serial,
          co_window_paths_b, co_window_corner_a, co_window_corner_a,
          co_window_corner_a, co_window_paths_b, co_window_paths_a,
          co_window_paths_a, co_window_corner_a, co_window_paths_a,
          co_window_paths_c, co_window_broadway_c, co_window_unsneaky_path_d,
          co_window_of_opportunity_b, co_window_2corner, co_window_cross_2,
          co_window_paths_d, glass_columns_a, glass_columns_b,
          grunt_decor_fettered, uniq_pikel
D:9:      layout_cave_pods, amcnicky_altar_gilded, erik_orc_2, enter_bailey_5,
          uniq_grum, uniq_harold
D:10:     lemuel_castle_with_subvaults [lemuel_castle_interior_carwin_3],
          layout_stronghold, nicolae_ru_path_of_blood,
          lemuel_zombie_altar_yredelemnul, enter_trove_0, uniq_urug
D:11:     layout_roguey, serial_demonic, serial_demonic_b, serial_demonic_a,
          serial_demonic_a, serial_demonic_c, serial_demonic_d,
          serial_demonic_f, serial_shops, shop_statue, dk_noncrumbling_2,
          demons_altar, uniq_josephine, uniq_psyche, uniq_gastronok
Lair:1:   layout_layer_cave, serial_bayou_shore_a, grunt_megastairs_2
Lair:2:   beast_lair_carwin_large_3, layout_regular_city,
          spider_nest_entry_rubble
Lair:3:   layout_cave_pods, elwin_shoals_entry_rocks, beast_lair_carwin_8,
          uniq_nergalle, uniq_rupert, uniq_nessos
Lair:4:   minmay_lair_oklob_tunnel, layout_small_grid, slime_entry_1,
          serial_bayou_shore_b, grunt_megastairs_3
Lair:5:   evilmike_catoblepas_cave, layout_cellular_growth
Orc:1:    layout_diamond_mine
Orc:2:    st_orc_congregation, layout_caves
Abyss:2:  base:
D:7

Skill      XL: |  1  2  3  4  5  6  7  8  9 10 11 12 13 14 |
---------------+-------------------------------------------+-----
Fighting       | 3 4 5 6 8 9 10 11 12 | 12.3
Long Blades    | 2 3 |  3.0
Shields        | 3 |  3.9
Armour         | 3 4 5 6 7 |  7.7
Polearms       | 1 2 4 5 7 9 11 12 | 12.1
Ranged Weapons | 1 2 3 4 7 9 11 | 11.2
Dodging        | 1 2 3 4 5 |  5.2
Stealth        | 1 2 3 4 |  4.3
Axes           | 2 |  2.3
Evocations     | 3 |  3.5
Translocations | 1 |  1.5
Maces & Flails | 2 5 |  5.3
Short Blades   | |  0.1
Throwing       | |  0.1

Action                     |  1- 3 |  4- 6 |  7- 9 | 10-12 | 13-15 || total
---------------------------+-------+-------+-------+-------+-------++-------
  Melee: Long sword        |    73 |    29 |       |       |       ||   102
         Bite              |    15 |    24 |    63 |   174 |   181 ||   457
         Halberd           |       |   100 |   194 |   461 |   199 ||   954
         War axe           |       |       |       |    25 |       ||    25
         Hand axe          |       |       |       |    12 |       ||    12
         Punch             |       |       |       |     1 |     1 ||     2
         Flail             |       |       |       |       |    83 ||    83
         Battleaxe         |       |       |       |       |     2 ||     2
         Dagger            |       |       |       |       |     1 ||     1
         Rapier            |       |       |       |       |     1 ||     1
         Glaive            |       |       |       |       |   125 ||   125
   Fire: Sling             |     1 |    38 |    19 |    59 |       ||   117
         Orcbow            |       |       |       |   195 |   627 ||   822
  Throw: Stone             |       |     1 |       |     2 |       ||     3
         Dart              |       |       |     1 |     2 |     4 ||     7
         Throwing net      |       |       |       |       |     1 ||     1
   Cast: Blink             |       |       |       |       |     1 ||     1
 Invoke: Serpent's Lash    |       |       |       |     4 |     2 ||     6
Ability: Lunge             |       |       |     3 |    23 |    20 ||    46
         Whirlwind         |       |       |     2 |    43 |    24 ||    69
         Wall Jump         |       |       |       |     6 |    13 ||    19
  Evoke: Wand              |       |       |       |     1 |     9 ||    10
         Lightning rod     |       |       |       |       |     6 ||     6
    Use: Scroll            |     5 |     9 |     8 |    12 |    12 ||    46
         Potion            |       |     1 |     2 |     1 |     5 ||     9
   Stab: Distracted        |       |       |       |       |     3 ||     3
         Held in net/web   |       |       |       |       |     2 ||     2
 Armour: Scale mail        |    36 |    72 |    37 |       |       ||   145
         Swamp dragon scal |       |       |    37 |   166 |   138 ||   341
         Troll leather arm |       |       |       |       |    30 ||    30
  Dodge: Dodged            |    36 |    83 |   150 |   438 |   369 ||  1076
  Block: Buckler           |    11 |    14 |       |       |       ||    25

Table legend: (Time is in decaauts)
 A = Elapsed time spent in this place.
 B = Non-inter-level travel time spent in this place.
 C = Inter-level travel time spent in this place.
 D = Time resting spent in this place.
 E = Time spent auto-exploring this place.
 F = Levels seen in this place.
 G = Mean time per level.
                   A        B        C        D        E       F      G
               +--------+--------+--------+--------+--------+-----+--------+
         Total |  36904 |  35450 |   1454 |  11044 |   6786 |  20 | 1845.2 |
       Dungeon |  19398 |  18456 |    942 |   5014 |   3778 |  11 | 1763.5 |
          Lair |  12978 |  12574 |    404 |   4996 |   2714 |   5 | 2595.6 |
  Orcish Mines |   3886 |   3779 |    107 |    883 |    294 |   2 | 1943.0 |
         Abyss |    640 |    640 |      0 |    150 |      0 |   2 |  320.0 |
               +--------+--------+--------+--------+--------+-----+--------+

Top non-repeatable levels by time:
    D:10: 4546 daAuts
  Lair:5: 3912 daAuts
   Orc:2: 3743 daAuts
  Lair:4: 2662 daAuts
     D:9: 2555 daAuts
     D:8: 2402 daAuts
  Lair:2: 2332 daAuts
  Lair:1: 2128 daAuts
  Lair:3: 1942 daAuts
     D:1: 1590 daAuts
     D:5: 1498 daAuts
     D:3: 1473 daAuts
     D:2: 1429 daAuts
     D:7: 1344 daAuts
     D:4: 1205 daAuts
